| TOP OF THE 1ST |
|
West Michigan Whitecaps batting - Pitching for Charleston RiverDogs : RHP Khayyat bin Faruq
|
|
Pitching: RHP Khayyat bin Faruq
|
|
|
Batting: RHB Jon Goldstein
|
0-0: Ball 1-0: Called Strike 1-1: Fly out, F8 (Flyball, 8LM, EV 86.2 MPH)
|
|
Batting: LHB Jon Pedlar
|
0-0: Ball 1-0: Ground out 6-3 (Groundball, 6, EV 103.1 MPH)
|
|
Batting: LHB Brad Gaskill
|
0-0: Called Strike 0-1: Called Strike 0-2: Ball 1-2: SINGLE (Line Drive, 56, EV 100.6 MPH)
|
|
Batting: SHB Willie Medina
|
0-0: Ball 1-0: Ball 2-0: Called Strike 2-1: Fly out, F9 (Flyball, 89S, EV 96.9 MPH)
|
| Top of the 1st over - 0 runs, 1 hit, 0 errors, 1 left on base; West Michigan 0 - Charleston 0 |
| BOTTOM OF THE 1ST |
|
Charleston RiverDogs batting - Pitching for West Michigan Whitecaps : RHP Dale Gilbert
|
|
Pitching: RHP Dale Gilbert
|
|
|
Batting: LHB Marc Durgin
|
0-0: Ground out 4-3 (Groundball, 4MS, EV 70.0 MPH)
|
|
Batting: RHB Bryan Westray
|
0-0: Ball 1-0: Ball 2-0: Foul Ball, location: 2F 2-1: Ball 3-1: SOLO HOME RUN (Flyball, 89XD, EV 101.9 MPH), Distance : 428 ft
|
|
Batting: LHB Sean Trueblood
|
0-0: Swinging Strike 0-1: Ball 1-1: Called Strike 1-2: Foul Ball, location: 2F 1-2: SINGLE (Line Drive, 56D, EV 93.8 MPH)
|
|
Batting: RHB Iften Olujimi
|
0-0: Ball 1-0: TRIPLE (Line Drive, 7D, EV 106.9 MPH) Sean Trueblood scores
|
|
Batting: LHB Justin O'Neal
|
0-0: Called Strike 0-1: Foul Ball, location: 2F 0-2: Ball 1-2: Ball 2-2: Strikes out swinging
|
|
Batting: RHB Alfredo Rodriguez
|
0-0: Called Strike 0-1: Ball 1-1: Fly out, F4 (Popup, 4MD, EV 66.2 MPH)
|
| Bottom of the 1st over - 2 runs, 3 hits, 0 errors, 1 left on base; West Michigan 0 - Charleston 2 |
| TOP OF THE 2ND |
|
West Michigan Whitecaps batting - Pitching for Charleston RiverDogs : RHP Khayyat bin Faruq
|
|
Batting: RHB German Quiroga
|
0-0: Swinging Strike 0-1: Swinging Strike 0-2: Ball 1-2: Ball 2-2: Foul Ball, location: 2F 2-2: Strikes out looking
|
|
Batting: RHB Joe Zimmerman
|
0-0: Ground out 6-3 (Groundball, 6, EV 98.1 MPH)
|
|
Batting: LHB Steve Herrera
|
0-0: Called Strike 0-1: Ball 1-1: Ball 2-1: Swinging Strike 2-2: Foul Ball, location: 2F 2-2: Foul Ball, location: 2F 2-2: Strikes out swinging
|
| Top of the 2nd over - 0 runs, 0 hits, 0 errors, 0 left on base; West Michigan 0 - Charleston 2 |
| BOTTOM OF THE 2ND |
|
Charleston RiverDogs batting - Pitching for West Michigan Whitecaps : RHP Dale Gilbert
|
|
Batting: SHB Houston Phillips
|
0-0: Ball 1-0: Foul Ball, location: 2F 1-1: Foul Ball, location: 2F 1-2: Strikes out swinging
|
|
Batting: RHB Bill Nguyen-Tan
|
0-0: Called Strike 0-1: Called Strike 0-2: Ball 1-2: Strikes out looking
|
|
Pitching: RHP Jorge Castaneda
|
|
|
Batting: LHB Dale Anderson
|
0-0: Foul Ball, location: 2F 0-1: Called Strike 0-2: Ball 1-2: Strikes out swinging
|
| Bottom of the 2nd over - 0 runs, 0 hits, 0 errors, 0 left on base; West Michigan 0 - Charleston 2 |
| TOP OF THE 3RD |
|
West Michigan Whitecaps batting - Pitching for Charleston RiverDogs : RHP Khayyat bin Faruq
|
|
Batting: RHB Yaremka Rzhevsky
|
0-0: Ball 1-0: Called Strike 1-1: Ball 2-1: Called Strike 2-2: Strikes out swinging
|
|
Batting: RHB Tony Murray
|
0-0: Called Strike 0-1: Ball 1-1: Foul Ball, location: 2F 1-2: Ball 2-2: Ball 3-2: Foul Ball, location: 2F 3-2: Strikes out looking
|
|
Batting: RHB Jon Goldstein
|
0-0: Ground out 6-3 (Groundball, 56, EV 86.2 MPH)
|
| Top of the 3rd over - 0 runs, 0 hits, 0 errors, 0 left on base; West Michigan 0 - Charleston 2 |
| BOTTOM OF THE 3RD |
|
Charleston RiverDogs batting - Pitching for West Michigan Whitecaps : RHP Jorge Castaneda
|
|
Batting: LHB Marc Durgin
|
0-0: Ground out 4-3 (Groundball, 4M, EV 105.6 MPH)
|
|
Batting: RHB Bryan Westray
|
0-0: Ground out 5-3 (Groundball, 56S, EV 69.4 MPH)
|
|
Batting: LHB Sean Trueblood
|
0-0: Ball 1-0: Called Strike 1-1: Called Strike 1-2: Fly out, F4 (Popup, 3S, EV 73.8 MPH)
|
| Bottom of the 3rd over - 0 runs, 0 hits, 0 errors, 0 left on base; West Michigan 0 - Charleston 2 |
| TOP OF THE 4TH |
|
West Michigan Whitecaps batting - Pitching for Charleston RiverDogs : RHP Khayyat bin Faruq
|
|
Batting: LHB Jon Pedlar
|
0-0: Foul Ball, location: 2F 0-1: Foul Ball, location: 2F 0-2: Strikes out swinging
|
|
Batting: LHB Brad Gaskill
|
0-0: Foul Ball, location: 2F 0-1: Called Strike 0-2: Strikes out swinging
|
|
Batting: SHB Willie Medina
|
0-0: Foul Ball, location: 2F 0-1: Swinging Strike 0-2: Strikes out looking
|
| Top of the 4th over - 0 runs, 0 hits, 0 errors, 0 left on base; West Michigan 0 - Charleston 2 |
| BOTTOM OF THE 4TH |
|
Charleston RiverDogs batting - Pitching for West Michigan Whitecaps : RHP Jorge Castaneda
|
|
Batting: RHB Iften Olujimi
|
0-0: Ball 1-0: Ball 2-0: SINGLE (Flyball, 89S, EV 86.9 MPH)
|
|
Batting: LHB Justin O'Neal
|
0-0: Swinging Strike 0-1: Ball Iften Olujimi is caught stealing 2nd base 2-6 1-1: Ball 2-1: Swinging Strike 2-2: Foul Ball, location: 2F 2-2: Foul Ball, location: 2F 2-2: Ball 3-2: Strikes out swinging
|
|
Batting: RHB Alfredo Rodriguez
|
0-0: Ball 1-0: Swinging Strike 1-1: Ball 2-1: Called Strike 2-2: Strikes out swinging
|
| Bottom of the 4th over - 0 runs, 1 hit, 0 errors, 0 left on base; West Michigan 0 - Charleston 2 |
| TOP OF THE 5TH |
|
West Michigan Whitecaps batting - Pitching for Charleston RiverDogs : RHP Khayyat bin Faruq
|
|
Batting: RHB German Quiroga
|
0-0: Ball 1-0: Ball 2-0: Foul Ball, location: 2F 2-1: Ball 3-1: Base on Balls
|
|
Batting: RHB Joe Zimmerman
|
0-0: Ball 1-0: Grounds into double play, 5-4-3 (Groundball, 56, EV 103.1 MPH)
|
|
Batting: LHB Steve Herrera
|
0-0: Ball 1-0: Called Strike 1-1: Ball 2-1: Swinging Strike 2-2: Strikes out looking
|
| Top of the 5th over - 0 runs, 0 hits, 0 errors, 0 left on base; West Michigan 0 - Charleston 2 |
| BOTTOM OF THE 5TH |
|
Charleston RiverDogs batting - Pitching for West Michigan Whitecaps : RHP Jorge Castaneda
|
|
Batting: SHB Houston Phillips
|
0-0: Ball 1-0: Foul Ball, location: 2F 1-1: Ground out 4-3 (Groundball, 4, EV 81.9 MPH)
|
|
Batting: RHB Bill Nguyen-Tan
|
0-0: Called Strike 0-1: Ball 1-1: Ball 2-1: Ball 3-1: Base on Balls
|
|
Batting: LHB Dale Anderson
|
0-0: Ball 1-0: Swinging Strike 1-1: Foul Ball, location: 2F 1-2: Ball 2-2: Ball 3-2: Base on Balls Bill Nguyen-Tan to second
|
|
Batting: LHB Marc Durgin
|
0-0: Ball 1-0: Foul Ball, location: 2F 1-1: Ball 2-1: Called Strike 2-2: Ball 3-2: Foul Ball, location: 2F 3-2: Fielders Choice at 2nd, 5-4 (Groundball, 56, EV 109.4 MPH) Bill Nguyen-Tan to third
|
|
Batting: RHB Bryan Westray
|
0-0: Ball Wild Pitch! Bill Nguyen-Tan scores Marc Durgin to second 1-0: Ball 2-0: Ball 3-0: Called Strike 3-1: SINGLE (Line Drive, 9LS, EV 106.2 MPH) Marc Durgin to third Runner from 3rd tries for Home, throw by RF and OUT! 9-2
|
| Bottom of the 5th over - 1 run, 1 hit, 0 errors, 1 left on base; West Michigan 0 - Charleston 3 |
| TOP OF THE 6TH |
|
West Michigan Whitecaps batting - Pitching for Charleston RiverDogs : RHP Khayyat bin Faruq
|
|
Batting: RHB Yaremka Rzhevsky
|
0-0: Ball 1-0: Called Strike 1-1: Ground out 1-5-3 (Groundball, 15S, EV 101.2 MPH)
|
|
Batting: RHB Tony Murray
|
0-0: DOUBLE (Line Drive, 7LS, EV 108.1 MPH)
|
|
Batting: RHB Jon Goldstein
|
0-0: Ball 1-0: Foul Ball, location: 2F 1-1: Foul Ball, location: 2F 1-2: Ball 2-2: TRIPLE (Flyball, 89XD, EV 105.0 MPH) Tony Murray scores
|
|
Batting: LHB Jon Pedlar
|
0-0: Ball 1-0: Ball 2-0: Fly out, F7 (Flyball, 7, EV 91.9 MPH) Runner from 3rd tags up, SCORES, throw by LF
|
|
Batting: LHB Brad Gaskill
|
0-0: Ball 1-0: Ground out 2-3 (Groundball, 2L, EV 71.9 MPH)
|
| Top of the 6th over - 2 runs, 2 hits, 0 errors, 0 left on base; West Michigan 2 - Charleston 3 |
| BOTTOM OF THE 6TH |
|
Charleston RiverDogs batting - Pitching for West Michigan Whitecaps : RHP Jorge Castaneda
|
|
Pitching: RHP Matt Sturge
|
|
|
Batting: LHB Sean Trueblood
|
0-0: Called Strike 0-1: Ball 1-1: Ball 2-1: Ball 3-1: Called Strike 3-2: Foul Ball, location: 2F 3-2: Foul Ball, location: 2F 3-2: Ground out 6-3 (Groundball, 6, EV 81.9 MPH)
|
|
Batting: RHB Iften Olujimi
|
0-0: Swinging Strike 0-1: Swinging Strike 0-2: Foul Ball, location: 2F 0-2: Strikes out looking
|
|
Batting: LHB Justin O'Neal
|
0-0: Ball 1-0: Ball 2-0: Foul Ball, location: 2F 2-1: Foul Ball, location: 2F 2-2: Foul Ball, location: 2F 2-2: Ball 3-2: Foul Ball, location: 2F 3-2: Strikes out swinging
|
| Bottom of the 6th over - 0 runs, 0 hits, 0 errors, 0 left on base; West Michigan 2 - Charleston 3 |
| TOP OF THE 7TH |
|
West Michigan Whitecaps batting - Pitching for Charleston RiverDogs : RHP Khayyat bin Faruq
|
|
Pitching: LHP Cory Musial
|
|
|
Now at 3B: Louwe Starmans
|
|
|
Batting: SHB Willie Medina
|
0-0: Ball 1-0: Ball 2-0: Ball 3-0: Called Strike 3-1: Called Strike 3-2: Foul Ball, location: 2F 3-2: Fly out, F9 (Flyball, 9, EV 95.0 MPH)
|
|
Batting: RHB German Quiroga
|
0-0: Ball 1-0: Ball 2-0: Called Strike 2-1: Swinging Strike 2-2: Strikes out swinging
|
|
Batting: RHB Joe Zimmerman
|
0-0: Ball 1-0: Swinging Strike 1-1: Ball 2-1: Called Strike 2-2: Foul Ball, location: 2F 2-2: Strikes out swinging
|
| Top of the 7th over - 0 runs, 0 hits, 0 errors, 0 left on base; West Michigan 2 - Charleston 3 |
| BOTTOM OF THE 7TH |
|
Charleston RiverDogs batting - Pitching for West Michigan Whitecaps : RHP Matt Sturge
|
|
Pitching: RHP Juan Cornejo
|
|
|
Batting: RHB Alfredo Rodriguez
|
0-0: Foul Ball, location: 2F 0-1: Foul Ball, location: 2F 0-2: Ball 1-2: Fly out, F7 (Line Drive, 7, EV 105.0 MPH)
|
|
Batting: SHB Houston Phillips
|
0-0: Called Strike 0-1: Swinging Strike 0-2: Ball 1-2: Strikes out looking
|
|
Batting: RHB Bill Nguyen-Tan
|
0-0: Foul Ball, location: 2F 0-1: Ball 1-1: Ball 2-1: Foul Ball, location: 2F 2-2: Strikes out swinging
|
| Bottom of the 7th over - 0 runs, 0 hits, 0 errors, 0 left on base; West Michigan 2 - Charleston 3 |
| TOP OF THE 8TH |
|
West Michigan Whitecaps batting - Pitching for Charleston RiverDogs : LHP Cory Musial
|
|
Pitching: LHP Alex Pulido
|
|
|
Batting: LHB Steve Herrera
|
0-0: Ground out 4-3 (Groundball, 34D, EV 103.8 MPH)
|
|
Batting: RHB Yaremka Rzhevsky
|
0-0: Swinging Strike 0-1: Ball 1-1: Ball 2-1: Fly out, F8 (Flyball, 89D, EV 101.9 MPH)
|
|
Batting: RHB Tony Murray
|
0-0: Fly out, F8 (Flyball, 8RS, EV 98.1 MPH)
|
| Top of the 8th over - 0 runs, 0 hits, 0 errors, 0 left on base; West Michigan 2 - Charleston 3 |
| BOTTOM OF THE 8TH |
|
Charleston RiverDogs batting - Pitching for West Michigan Whitecaps : RHP Juan Cornejo
|
|
Pitching: LHP Jesse Turner
|
|
|
Batting: RHB Francisco Aguayo
|
0-0: Foul Ball, location: 2F 0-1: SINGLE (Flyball, 8RS, EV 96.2 MPH)
|
|
Batting: LHB Marc Durgin
|
0-0: Bunted foul 0-1: Sac Bunt to 5S - play at first, batter OUT! 5-4 Francisco Aguayo to second
|
|
Batting: RHB Bryan Westray
|
0-0: Intentional Walk
|
|
Batting: LHB Sean Trueblood
|
0-0: Ball 1-0: Swinging Strike 1-1: Ball 2-1: Ball 3-1: Foul Ball, location: 2F 3-2: Base on Balls Francisco Aguayo to third Bryan Westray to second
|
|
Batting: RHB Louwe Starmans
|
0-0: Ball 1-0: Called Strike 1-1: Fly out, F8 (Flyball, 8LD, EV 98.1 MPH) Runner from 3rd tags up, SCORES, throw by CF Bryan Westray to third
|
|
Batting: LHB Justin O'Neal
|
0-0: Called Strike 0-1: Ball 1-1: Ball 2-1: Swinging Strike 2-2: Strikes out swinging
|
| Bottom of the 8th over - 1 run, 1 hit, 0 errors, 2 left on base; West Michigan 2 - Charleston 4 |
| TOP OF THE 9TH |
|
West Michigan Whitecaps batting - Pitching for Charleston RiverDogs : LHP Alex Pulido
|
|
Pitching: RHP Greg Ritchie
|
|
|
Batting: RHB Jon Goldstein
|
0-0: Ball 1-0: Ball 2-0: Ball 3-0: Base on Balls
|
|
Batting: LHB Jon Pedlar
|
0-0: Called Strike 0-1: Grounds into double play, 3-6-3 (Groundball, 3, EV 98.8 MPH)
|
|
Batting: LHB Brad Gaskill
|
0-0: Ground out 4-3 (Groundball, 34, EV 102.5 MPH)
|
| Top of the 9th over - 0 runs, 0 hits, 0 errors, 0 left on base; West Michigan 2 - Charleston 4 |
|